 Dungeon Crawl Stone Soup version 0.22-b1-26-g9dbaab1 (webtiles) character file.

35 goulibeur the Skirmisher (level 3, -2/30 HPs)
             Began as a Demonspawn Abyssal Knight on Aug 7, 2018.
             Was a Follower of Lugonu.
             Slain by Natasha (6 damage)
             ... on level 2 of the Dungeon.
             The game lasted 00:05:32 (1391 turns).

goulibeur the Skirmisher (DsAK)                     Turns: 1391, Time: 00:05:32

Health: -2/30      AC:  5    Str: 12    XL:     3   Next: 17%
Magic:  5/5        EV: 11    Int: 13    God:    Lugonu [*.....]
Gold:   162        SH:  0    Dex: 13    Spells: 2/2 levels left

rFire    . . .     SeeInvis .   a - +1 short sword
rCold    + . .     Gourm    .   (no shield)
rNeg     . . .     Faith    .   b - +0 leather armour
rPois    .         Spirit   .   k - +2 hat
rElec    .         Reflect  .   (no cloak)
rCorr    .         Harm     .   (no gloves)
MR       .....                  (no boots)
Stlth    +.........             (no amulet)
HPRegen  0.10/turn              p - ring of protection from cold
MPRegen  0.09/turn              (no ring)

@: no status effects
A: powered by pain 1
a: Depart the Abyss, Renounce Religion


You were on level 2 of the Dungeon.
You worshipped Lugonu.
Lugonu was aware of your devotion.
You were hungry.

You visited 1 branch of the dungeon, and saw 2 of its levels.
You visited the Abyss 1 time.

You collected 162 gold pieces.

Inventory:

Hand Weapons
 a - a +1 short sword (weapon)
Armour
 b - a +0 leather armour (worn)
 k - a +2 hat (worn)
Jewellery
 p - a ring of protection from cold (left hand)
Scrolls
 d - a scroll of immolation {unknown}
 e - a scroll of amnesia {unknown}
 i - a scroll of noise {unknown}
 m - a scroll of fog {unknown}
 n - 3 scrolls of identify {unknown}
 o - a scroll of enchant armour {unknown}
 r - a scroll of teleportation {unknown}
Potions
 f - a potion of mutation {unknown}
 g - a potion of heal wounds {unknown}
 h - 4 potions of ambrosia {unknown}
 l - a potion of curing {unknown}
 q - a potion of haste {unknown}
Comestibles
 c - 8 rations
 j - 2 chunks of flesh


   Skills:
 + Level 3.7 Fighting
 - Level 1.7 Short Blades
 + Level 2.3 Armour
 + Level 1.0 Dodging
 + Level 0.1 Stealth
 * Level 2.9 Invocations


You had 2 spell levels left.
You didn't know any spells.
Your spell library was empty.

Dungeon Overview and Level Annotations

Branches:
Dungeon (2/15)

Altars:

Annotations:
D:2 Natasha


Innate Abilities, Weirdness & Mutations

You sometimes gain a little power by taking damage.


Message History

Natasha is moderately wounded.
Natasha claws you! The rat closely misses you.
You hit Natasha.
Natasha is heavily wounded.
Natasha misses you.
The rat twitches its whiskers.
The rat bites you but does no damage.
You closely miss Natasha.
Natasha is heavily wounded.
Natasha barely misses you. The rat closely misses you.
You hit Natasha but do no damage.
Natasha is heavily wounded.
Natasha claws you.
* * * LOW HITPOINT WARNING * * *
The rat bites you.
* * * LOW HITPOINT WARNING * * *
You hit Natasha.
Natasha is severely wounded.
Natasha claws you.
You die...

#.... # ##.... . . #....g
... #.#...g.
.....############.#$g...
....5bh@..............g.
.#...r##r...!.>......h..
#....#. #...........r<...
.....#.##............###.
.....................
.....#...............
.....###............
.###...............#.
...................#.


You could see Natasha, a shadow imp, a bat and 2 rats.

Vanquished Creatures
  A dart slug (D:1)
  A leopard gecko (D:1)
  5 bats (D:1)
  3 giant cockroaches
  4 goblins
  2 hobgoblins (D:1)
  A jackal (D:1)
  A quokka (D:2)
  A frilled lizard (D:1)
  6 kobolds
  4 rats (D:1)
29 creatures vanquished.

Notes
Turn   | Place    | Note
-------+----------+-------------------------------------------
     0 | Abyss:1  | goulibeur the Demonspawn Abyssal Knight began the quest for the Orb.
     0 | Abyss:1  | Reached XP level 1. HP: 18/18 MP: 2/2
   135 | Abyss:1  | Noticed a golden eye
   135 | Abyss:1  | Noticed a quasit
   136 | D:1      | Escaped the Abyss
   271 | D:1      | Reached * piety under Lugonu
   394 | D:1      | Gained mutation: You sometimes gain a little power by taking damage. [demonic ancestry]
   394 | D:1      | Reached XP level 2. HP: 24/24 MP: 4/4
  1267 | D:1      | Reached XP level 3. HP: 26/29 MP: 5/5
  1271 | D:1      | Reached skill level 1 in Dodging
  1377 | D:2      | Noticed Natasha
  1391 | D:2      | Slain by Natasha

Skill      XL: |  1  2  3 |
---------------+----------+-----
Armour         | 2 |  2.3
Dodging        | 1 |  1.0
Fighting       | |  3.7
Short Blades   | |  1.7
Stealth        | |  0.1
Invocations    | |  2.9

Action                   || total
-------------------------++-------
Melee: Short sword       ||    98
Invok: Depart the Abyss  ||     1
  Eat: Chunk             ||     1
Armor: Leather armour    ||    39
Dodge: Dodged            ||    58
